 Dungeon Crawl Stone Soup version 0.29-a0-243-g602b31c20e (webtiles) character file.

Game seed: 2452222586466198380

2534 jt the Tainter (level 9, 0/61 HPs)
             Began as a Formicid Venom Mage on Mar 4, 2022.
             Was an Initiate of Yredelemnul.
             Killed from afar by an acid dragon (21 damage)
             ... with a splash of acid
             ... on level 7 of the Dungeon.
             The game lasted 00:24:08 (7315 turns).

jt the Tainter (Formicid Venom Mage)                Turns: 7315, Time: 00:24:10

Health: 0/61       AC:  6    Str: 16      XL:     9   Next: 85%
Magic:  17/18      EV: 12    Int: 21 (22) God:    Yredelemnul [......]
Gold:   205        SH:  0    Dex: 11      Spells: 11/21 levels left

rFire   . . .      SeeInvis +   a - +4 spear (freeze)
rCold   . . .      Faith    .   (no shield)
rNeg    . . .      Spirit   .   r - +0 robe
rPois   .          Reflect  .   (helmet unavailable)
rElec   .          Harm     .   q - +2 cloak
rCorr   .          Rampage  .   (no gloves)
Will    .....                   y - +0 pair of boots
Stlth   ++........              (no amulet)
HPRegen 0.20/turn               c - +6 ring of intelligence
MPRegen 0.16/turn               l - +4 ring of protection

@: mighty, weak-willed, corroded
A: permanent stasis, dig shafts and tunnels, antennae 3, four strong arms
a: Dig, Shaft Self, Renounce Religion, Recall Undead Harvest


You were on level 7 of the Dungeon.
You worshipped Yredelemnul.
Yredelemnul was noncommittal.
You visited 1 branch of the dungeon, and saw 7 of its levels.

You collected 205 gold pieces.

Inventory:

Hand Weapons
 a - a +4 spear of freezing (weapon)
 g - a +2 quarterstaff of chaos
 k - a +0 hunting sling
 s - a +1 mace of protection
 t - a +0 war axe
 v - a +1 antimagic hand axe
 w - a +1 antimagic dagger
 x - a +2 short sword of venom
 z - a +0 shortbow
Missiles
 d - 203 stones
 h - 6 poisoned darts
Armour
 i - a +0 plate armour
 m - a +0 ring mail
 n - a +0 scale mail
 q - a +2 cloak (worn)
 r - a +0 robe (worn)
 u - a +1 scale mail of fire resistance
 y - a +0 pair of boots (worn)
Jewellery
 c - a +6 ring of intelligence (left hand)
 l - a +4 ring of protection (right hand)
 p - a ring of protection from cold
 A - a +6 ring of intelligence
Wands
 f - a wand of iceblast (24)
Scrolls
 o - 2 scrolls of fog
Potions
 j - 2 potions of curing
 C - a potion of brilliance {unknown}


   Skills:
 - Level 2.0 Fighting
 - Level 2.0 Polearms
 - Level 1.7 Dodging
 - Level 2.4 Stealth
 + Level 6.5 Spellcasting
 + Level 3.8 Conjurations
 + Level 6.8 Transmutations
 - Level 2.0 Air Magic
 + Level 9.0 Poison Magic
 - Level 2.0 Invocations
 + Level 1.8 Evocations


You had 11 spell levels left.
You knew the following spells:

 Your Spells              Type           Power      Damage    Failure   Level
a - Sting                 Tmut/Pois      100%       1d8       1%          1
b - Poisonous Vapours     Pois/Air       60%        N/A       1%          2
c - Mephitic Cloud        Conj/Pois/Air  27%        N/A       3%          3
d - Olgreb's Toxic Radia  Pois           44%        N/A       2%          4

Your spell library contained the following spells:

 Spells                   Type           Power      Damage    Failure   Level
 Magic Dart               Conj           92%        1d7       1%          1
 Animate Skeleton         Necr           12%        N/A       10%         1
 Apportation              Tloc           12%        N/A       10%         1
 Summon Small Mammal      Summ           24%        N/A       10%         1
 Call Imp                 Summ           6%         N/A       14%         2


Dungeon Overview and Level Annotations

Branches:
Dungeon (7/15)
 Temple: D:4-7

Altars:
Trog
Yredelemnul

Shops:
D:4 *

Annotations:
D:6 Menkaure


Innate Abilities, Weirdness & Mutations

You cannot be hasted, slowed, berserked, paralysed or teleported.
You can dig through walls and to a lower floor.
You have a pair of large antennae on your head. (SInv)
Your four strong arms can wield two-handed weapons with a shield.


Message History

The acid dragon is heavily wounded.
The acid dragon misses you. The acid dragon claws you.
You completely miss the acid dragon.
The acid dragon is severely wounded.
The acid dragon closely misses you.
The acid dragon claws you but does no damage.
You closely miss the acid dragon.
The acid dragon is heavily wounded.
The acid dragon spits acid at you. The splash of acid hits you!!
Ouch! That really hurt!
* * * LOW HITPOINT WARNING * * *
You feel much better. The acid dragon spits acid at you.
The splash of acid hits you! The acid corrodes you!
Okay, then.
Okay, then.
Okay, then.
Okay, then.
As you read the scroll labelled GIMIGE YWIRPH, it crumbles to dust.
Magic quickly surges around you.
It was a scroll of vulnerability.
The acid dragon looks more healthy.
The acid dragon bites you but does no damage.
The acid dragon claws you but does no damage.
Press: ? - help, v - describe, . - travel, g - get item
Here: an acid dragon (heavily wounded, weak-willed)
Items here: )) [[.
The floor, spattered with blood.
Okay, then.
Casting: Sting (safe; 1% risk of failure)
Confirm with . or Enter, or press ? or * to list all spells.
Aiming: Sting (safe; 1% risk of failure)
Press: ? - help, Shift-Dir - straight line, f/p - acid dragon
Aim: an acid dragon (heavily wounded, weak-willed, 78% to hit)
The sting hits the acid dragon.
The acid dragon is poisoned.
The acid dragon is heavily wounded.
The acid dragon spits acid at you. The splash of acid hits you!!
You die...
Your body rises from the dead as a mindless zombie.

.. ... ..
[.# ##.##.#
...#.#
###..#.#
..?...# ##
#..#.# ..
##..#D#.#
#....@[.#
##..#.###
.........
#####.#.###
.....
##.#.#
#.#.# #.#.#


You could see an acid dragon (poisoned, catching breath, weak-willed).

Vanquished Creatures
  A manticore (D:6)
  Maggie (D:7)
  Sigmund (D:6)
  Duvessa (D:4)
  An orc warrior (D:7)
  2 ogres
  A black bear (D:5)
  A centaur (D:6)
  A bullfrog (D:6)
  3 scorpions
  A wight (D:5)
  Dowan (D:4)
  2 killer bees (D:5)
  A hound (D:4)
  A jelly (D:6)
  Crazy Yiuf (D:2)
  An orc priest (D:6)
  2 iguanas (D:6)
  5 orc wizards
  Ijyb (D:5)
  6 gnolls
  5 adders
  A shadow imp (D:5)
  A worm (D:4)
  2 dart slugs
  20 orcs
  10 endoplasms
  3 giant cockroaches
  4 goblins
  6 hobgoblins
  A quokka (D:2)
  7 ball pythons
  5 bats
  A frilled lizard (D:1)
  4 kobolds
  5 rats
110 creatures vanquished.

Vanquished Creatures (collateral kills)
  An ice beast (D:4)
  An ogre (D:6)
  An orc priest (D:6)
  2 orc wizards (D:4)
  2 gnolls (D:4)
  4 orcs
  An endoplasm (D:4)
  A ball python (D:4)
13 creatures vanquished.

Vanquished Creatures (others)
  A killer bee (D:5)
  A scorpion zombie (D:4)
  2 killer bee zombies (D:5)
  A hound zombie (D:4)
  3 adder zombies
  An iguana zombie (D:6)
  A gnoll zombie (D:2)
  3 ball python zombies
  A goblin zombie (D:5)
  A hobgoblin zombie (D:2)
  10 orc zombies
  A spectral endoplasm (D:4)
  2 demonic plants (D:1)
  10 fungi (D:1)
  13 plants
  3 withered plants (D:1)
54 creatures vanquished.

Grand Total: 177 creatures vanquished

Notes
Turn   | Place    | Note
-------+----------+-------------------------------------------
     0 | D:1      | jt the Formicid Venom Mage began the quest for the Orb.
     0 | D:1      | Reached XP level 1. HP: 13/13 MP: 3/3
   384 | D:1      | Reached XP level 2. HP: 19/19 MP: 3/5
   498 | D:1      | Learned a level 2 spell: Poisonous Vapours
  1081 | D:1      | Found a faded altar of an unknown god.
  1185 | D:1      | Prayed at the altar of an unknown god.
  1185 | D:1      | Became a worshipper of Yredelemnul the Dark
  1185 | D:1      | Reached * piety under Yredelemnul
  1582 | D:2      | Reached XP level 3. HP: 21/24 MP: 3/6
  1868 | D:2      | Found a runed translucent door.
  1869 | D:2      | Noticed Crazy Yiuf
  2191 | D:2      | Reached XP level 4. HP: 30/30 MP: 3/8
  2488 | D:2      | Reached skill level 1 in Air Magic
  2648 | D:2      | Killed Crazy Yiuf
  2834 | D:3      | Reached XP level 5. HP: 35/35 MP: 3/9
  2969 | D:3      | Reached skill level 5 in Poison Magic
  3567 | D:4      | Reached XP level 6. HP: 41/41 MP: 6/11
  3616 | D:4      | Noticed an ice beast
  3819 | D:4      | Noticed an ogre
  3832 | D:4      | Killed an ogre
  3833 | D:4      | Reached skill level 6 in Poison Magic
  3989 | D:4      | Reached XP level 7. HP: 36/46 MP: 9/13
  4076 | D:4      | Found Acruer's General Store.
  4296 | D:4      | Reached ** piety under Yredelemnul
  4428 | D:4      | Noticed Duvessa
  4431 | D:4      | Noticed Dowan
  4438 | D:4      | Killed Duvessa
  4443 | D:4      | Killed Dowan
  4448 | D:4      | Learned a level 3 spell: Mephitic Cloud
  4803 | D:5      | Entered Level 5 of the Dungeon
  4881 | D:5      | Reached skill level 1 in Fighting
  4881 | D:5      | Reached skill level 7 in Poison Magic
  4881 | D:5      | Reached skill level 1 in Invocations
  4881 | D:5      | Reached XP level 8. HP: 54/54 MP: 10/15
  4927 | D:5      | Reached skill level 5 in Spellcasting
  4927 | D:5      | Reached skill level 1 in Conjurations
  5226 | D:5      | Noticed Ijyb
  5236 | D:5      | Killed Ijyb
  5237 | D:5      | Reached skill level 5 in Transmutations
  5383 | D:5      | Found a bloodstained altar of Trog.
  5858 | D:6      | Noticed Sigmund
  5873 | D:6      | Killed Sigmund
  5988 | D:6      | Reached XP level 9. HP: 61/61 MP: 13/17
  6001 | D:6      | Reached skill level 8 in Poison Magic
  6245 | D:6      | Noticed Menkaure
  6498 | D:7      | Noticed Maggie
  6509 | D:7      | Killed Maggie
  6510 | D:7      | Reached skill level 1 in Polearms
  6664 | D:6      | Learned a level 4 spell: Olgreb's Toxic Radiance
  6738 | D:6      | Noticed a manticore
  6754 | D:6      | Killed a manticore
  6755 | D:6      | Reached skill level 1 in Evocations
  7038 | D:6      | Reached skill level 9 in Poison Magic
  7315 | D:7      | Killed from afar by an acid dragon

Illustrated notes

Levels and vault maps discovered:
D:1:      saegor_arrival_miasma, layout_loops_corners,
          shapermc_ecumenical_altar_gd, chequers_serial_rivers_small_3,
          minmay_3d_cube
D:2:      layout_basic, uniq_crazy_yiuf_cottage
D:3:      layout_rooms
D:4:      cheibrodos_old_hovel, layout_gridville, serial_shops, shop,
          saegor_snake_ambush, uniq_duvessa
D:5:      layout_loops_ring, trog_antimagical, minmay_temple_entry_poolview,
          chequers_garden, minmay_misc_feat_rows, uniq_ijyb
D:6:      layout_loops_ring, serial_park_tiny_1, uniq_menkaure, uniq_sigmund
D:7:      lemuel_ice_statue, layout_basic, grunt_livestock,
          nicolae_shop_fire_sale [nicolae_sub_dead_trees], uniq_maggie

Skill      XL: |  1  2  3  4  5  6  7  8  9 |
---------------+----------------------------+-----
Transmutations | 2 3 4 5 6 |  6.8
Air Magic      | 1 2 |  2.0
Spellcasting   | 3 4 5 6 |  6.5
Poison Magic   | 5 6 7 9 |  9.0
Fighting       | 1 2 |  2.0
Invocations    | 1 2 |  2.0
Conjurations   | 2 3 |  3.8
Polearms       | 2 |  2.0
Evocations     | 1 |  1.8
Dodging        | |  1.7
Stealth        | |  2.4

Action                   |  1- 3 |  4- 6 |  7- 9 || total
-------------------------+-------+-------+-------++-------
Melee: Unarmed           |    14 |       |       ||    14
       Mace              |    15 |       |       ||    15
       Punch             |     1 |       |     3 ||     4
       Spear             |       |    58 |   123 ||   181
Throw: Stone             |       |       |     1 ||     1
       Dart              |       |       |     1 ||     1
 Cast: Sting             |    19 |    13 |    20 ||    52
       Poisonous Vapours |    18 |    36 |    69 ||   123
       Mephitic Cloud    |       |       |     7 ||     7
Invok: Dark Bargain      |       |       |     1 ||     1
       Recall Undead Har |       |       |     2 ||     2
Evoke: Wand              |       |       |     1 ||     1
  Use: Scroll            |       |     6 |     5 ||    11
       Potion            |       |       |     7 ||     7
 Stab: Sleeping          |       |       |     1 ||     1
Armor: Robe              |     5 |    22 |    32 ||    59
       Skin              |       |       |    12 ||    12
Dodge: Dodged            |    23 |    27 |    70 ||   120

Table legend: (Time is in decaauts)
 A = Elapsed time spent in this place.
 B = Non-inter-level travel time spent in this place.
 C = Inter-level travel time spent in this place.
 D = Time resting spent in this place.
 E = Time spent auto-exploring this place.
 F = Levels seen in this place.
 G = Mean time per level.
                   A        B        C        D        E       F      G
               +--------+--------+--------+--------+--------+-----+--------+
         Total |   7369 |   7175 |    194 |   1627 |   3688 |   7 | 1052.7 |
       Dungeon |   7369 |   7175 |    194 |   1627 |   3688 |   7 | 1052.7 |
               +--------+--------+--------+--------+--------+-----+--------+

Top non-repeatable levels by time:
     D:1: 1633 daAuts
     D:4: 1508 daAuts
     D:6: 1441 daAuts
     D:2: 1121 daAuts
     D:5: 974 daAuts
     D:3: 641 daAuts
     D:7: 48 daAuts
